 Dungeon Crawl Stone Soup version 0.21-a0-26-g7b23a2f (webtiles) character file.

2466 lauthentik the Carver (level 9, 0/79 HPs)
             Began as a Minotaur Fighter on May 25, 2017.
             Was a Believer of Wu Jian.
             Slain by lauthentik's ghost (13 damage)
             ... on level 7 of the Dungeon.
             The game lasted 00:17:30 (4854 turns).

lauthentik the Carver (Minotaur Fighter)            Turns: 4854, Time: 00:17:30

Health: 0/79       AC: 15    Str: 29    XL:     9   Next: 26%
Magic:  8/8        EV:  8    Int:  5    God:    Wu Jian [**....]
Gold:   279        SH: 12    Dex: 10    Spells: 8/8 levels left

rFire    . . .     SeeInvis .   a - +0 long sword
rCold    . . .     Gourm    .   c - +0 shield
rNeg     + . .     Faith    .   p - +0 chain mail
rPois    .         Spirit   .   (helmet restricted)
rElec    .         Reflect  .   H - +2 cloak {MR+}
rCorr    .         Harm     .   y - +0 pair of gloves
MR       +....                  (no boots)
Stlth    ..........             t - amulet of regeneration
Regen    0.7/turn               l - ring of positive energy
MPRegen  0.2/turn               (no ring)

@: mighty
A: retaliatory headbutt, horns 2
a: Renounce Religion


You were on level 7 of the Dungeon.
You worshipped Wu Jian.
Wu Jian was pleased with you.
You were not hungry.

You visited 1 branch of the dungeon, and saw 7 of its levels.
You also visited: Sewer.

You collected 279 gold pieces.

Inventory:

Hand Weapons
 a - a +0 long sword (weapon)
Missiles
 q - 4 poisoned tomahawks (quivered)
 C - 8 javelins of penetration
Armour
 b - a +0 scale mail
 c - a +0 shield (worn)
 g - a +1 pair of gloves
 p - a +0 chain mail (worn)
 y - a +0 pair of gloves (worn)
 H - a +2 cloak of magic resistance (worn)
Jewellery
 l - a ring of positive energy (left hand)
 t - an amulet of regeneration (around neck)
Scrolls
 e - 7 scrolls of remove curse {unknown}
 i - 11 scrolls of teleportation {unknown}
 j - 8 scrolls of identify {unknown}
 k - a scroll of magic mapping {unknown}
 m - a scroll of random uselessness {unknown}
 o - 4 scrolls of recharging {unknown}
 r - a scroll of enchant armour {unknown}
 u - a scroll of enchant weapon {unknown}
 v - a scroll of fog {unknown}
 w - a scroll of blinking {unknown}
 F - a scroll of immolation {unknown}
 G - a scroll of fear {unknown}
Potions
 n - 7 potions of curing
 x - a potion of haste {unknown}
 z - a potion of cancellation {unknown}
 B - a potion of magic {unknown}
 D - a potion of flight {unknown}
Books
 s - a book of Callings

   Spells                             Type                      Level
   a - Summon Small Mammal            Summoning                    1
   b - Call Imp                       Summoning                    2
   c - Call Canine Familiar           Summoning                    3
   d - Summon Guardian Golem          Hexes/Summoning              3
   e - Summon Lightning Spire         Summoning/Air                4
   f - Summon Ice Beast               Ice/Summoning                4
Comestibles
 d - 2 royal jellies
 f - 6 bread rations
 h - 4 meat rations
 A - 3 fruits
 I - 4 chunks of flesh


   Skills:
 + Level 7.2 Fighting
 + Level 9.1 Long Blades
 + Level 1.1 Throwing
 + Level 7.3 Armour
 + Level 3.1 Dodging
 + Level 1.3 Stealth
 + Level 7.8 Shields


You had 8 spell levels left.
You didn't know any spells.

Dungeon Overview and Level Annotations

Branches:
Dungeon (7/15)
 Temple: D:4-7

Altars:
Kikubaaqudgha
Makhleb
Nemelex Xobeh
Qazlal
Wu Jian
Xom

Annotations:
D:7 lauthentik's ghost, novice HOFi


Innate Abilities, Weirdness & Mutations

You reflexively headbutt those who attack you in melee.
You have a pair of horns on your head.


Message History

You block lauthentik's ghost's attack.
You hit lauthentik's ghost. You headbutt lauthentik's ghost!!
Lauthentik's ghost is heavily damaged.
You block lauthentik's ghost's attack.
You slash lauthentik's ghost!
Lauthentik's ghost is severely damaged.
You slash lauthentik's ghost!
Lauthentik's ghost is almost destroyed.
Lauthentik's ghost hits you!
* * * LOW HITPOINT WARNING * * *
Your chain mail prevents you from hitting lauthentik's ghost.
Lauthentik's ghost is almost destroyed.
You block lauthentik's ghost's attack.
Lauthentik's ghost hits you but does no damage.
You hit lauthentik's ghost but do no damage.
Lauthentik's ghost is almost destroyed.
Lauthentik's ghost hits you.
* * * LOW HITPOINT WARNING * * *
You are electrocuted!
You die...

..... ..
###...... .....
#.# #........
.....
..##........
......
..#........
......
#.......... ...
#. #..........
....#>
##.........
......
#..@W...... .####
#######.##.......
# ........#
......< ###
........###......
##.. #######..#
##.... #... #..##
#### ##... ##..##
##.... ##..###
#..... #....####
##....


You could see lauthentik's ghost.

Vanquished Creatures
  The ghost of DEFE the Ducker, a novice DECK of Xom (D:4)
  Prince Ribbit (D:5)
  Eustachio (D:5)
  Menkaure (D:5)
  A necrophage (D:6)
  4 ogres
  A crocodile (D:7)
  The ghost of DEFE the Ducker, an amateur DECK of Xom (D:3)
  5 big kobolds (Sewer)
  A bullfrog (D:6)
  3 scorpions
  A howler monkey (D:4)
  A crimson imp (D:5)
  A hound (D:4)
  A bullfrog skeleton (D:4)
  Crazy Yiuf (D:7)
  2 orc wizards
  6 iguanas
  2 worker ants
  A killer bee zombie (D:6)
  A hound skeleton (D:5)
  A worker ant zombie (D:6)
  Robin (D:3)
  6 adders
  An ooze (D:1)
  An adder skeleton (D:4)
  4 worms
  A dart slug (D:1)
  7 leopard geckos
  8 orcs
  5 bats
  10 giant cockroaches
  11 goblins
  8 hobgoblins
  10 jackals
  2 quokkas
  4 ball pythons
  10 frilled lizards
  4 jackal skeletons (D:4)
  18 kobolds
  11 rats
160 creatures vanquished.

Notes
Turn   | Place    | Note
-------+----------+-------------------------------------------
     0 | D:1      | lauthentik the Minotaur Fighter began the quest for the Orb.
     0 | D:1      | Reached XP level 1. HP: 19/19 MP: 0/0
    51 | D:1      | Reached XP level 2. HP: 24/27 MP: 1/1
   191 | D:1      | Reached XP level 3. HP: 33/33 MP: 2/2
   421 | D:2      | Found a stormy altar of Qazlal.
   423 | D:2      | Noticed an air elemental
   424 | D:2      | Noticed a fire elemental
   425 | D:2      | Noticed an earth elemental
   425 | D:2      | Noticed a water elemental
  1018 | D:3      | Noticed DEFE's ghost (amateur DECK)
  1069 | D:3      | Killed DEFE's ghost
  1069 | D:3      | Reached skill level 3 in Long Blades
  1069 | D:3      | Reached skill level 1 in Dodging
  1069 | D:3      | Reached XP level 4. HP: 23/41 MP: 3/3
  1280 | D:3      | Reached XP level 5. HP: 23/47 MP: 4/4
  1451 | D:3      | Reached skill level 5 in Shields
  1558 | D:3      | Noticed Robin
  1579 | D:3      | Killed Robin
  1839 | D:3      | Found a sparkling altar of Nemelex Xobeh.
  1840 | D:3      | Found an ancient bone altar of Kikubaaqudgha.
  2040 | D:4      | Reached skill level 4 in Long Blades
  2042 | D:4      | Reached XP level 6. HP: 51/53 MP: 5/5
  2153 | D:4      | Noticed DEFE's ghost (novice DECK)
  2154 | D:4      | Reached skill level 5 in Long Blades
  2171 | D:5      | Entered Level 5 of the Dungeon
  2239 | D:5      | Reached skill level 5 in Armour
  2256 | D:5      | Noticed Prince Ribbit
  2276 | D:5      | Killed Prince Ribbit
  2276 | D:5      | Reached skill level 5 in Fighting
  2276 | D:5      | Reached XP level 7. HP: 46/61 MP: 6/6
  2287 | D:5      | Noticed Menkaure
  2297 | D:5      | Killed Menkaure
  2297 | D:5      | Reached skill level 6 in Long Blades
  2561 | D:5      | Noticed Eustachio
  2570 | D:5      | Killed Eustachio
  2570 | D:5      | Reached XP level 8. HP: 69/70 MP: 7/7
  3088 | D:4      | Found an ornate altar of the Wu Jian Council.
  3088 | D:4      | Found a shimmering altar of Xom.
  3099 | D:4      | Became a worshipper of the Wu Jian Council
  3171 | D:4      | Killed DEFE's ghost
  3171 | D:4      | Reached skill level 7 in Long Blades
  3171 | D:4      | Reached skill level 1 in Throwing
  3382 | D:4      | Reached skill level 1 in Stealth
  3664 | D:6      | Found a burning altar of Makhleb.
  3826 | D:6      | Reached skill level 8 in Long Blades
  3909 | D:6      | Found a glowing drain.
  3927 | D:6      | Reached * piety under Wu Jian
  3941 | Sewer    | Entered a sewer
  4031 | Sewer    | Reached XP level 9. HP: 78/78 MP: 8/8
  4302 | D:6      | Reached ** piety under Wu Jian
  4319 | D:6      | Reached skill level 9 in Long Blades
  4643 | D:7      | Found a runed door.
  4647 | D:7      | Noticed Crazy Yiuf
  4663 | D:7      | Killed Crazy Yiuf
  4840 | D:7      | Noticed lauthentik's ghost (novice HOFi)
  4854 | D:7      | Slain by lauthentik's ghost

Vault maps used:
D:1:      sevenhm_arrival_forest_fort_small_4
D:2:      nicolae_qazlal_style_of_elements, first_bread
D:3:      gammafunk_temple_overflow_statue, nicolae_underground_beach,
          uniq_robin
D:4:      minmay_wonky_spiral, nicolae_overflow_hidden_temple,
          minmay_small_thing
D:5:      uniq_eustachio, uniq_menkaure, uniq_prince_ribbit1
D:6:      lemuel_round_altar, portal_sewer_entry_c
D:7:      temple_fountains, uniq_joseph, uniq_crazy_yiuf_cottage
Sewer:    kennysheep_pipe_town

Skill      XL: |  1  2  3  4  5  6  7  8  9 |
---------------+----------------------------+-----
Armour         | 4 5 7 |  7.3
Shields        | 4 5 6 7 |  7.8
Fighting       | 4 5 6 7 |  7.2
Long Blades    | 3 4 5 6 8 9 |  9.1
Dodging        | 1 2 3 |  3.1
Throwing       | 1 |  1.1
Stealth        | 1 |  1.3

Action                   |  1- 3 |  4- 6 |  7- 9 || total
-------------------------+-------+-------+-------++-------
Melee: Long sword        |    89 |   138 |   292 ||   519
       Headbutt          |    14 |    28 |    64 ||   106
Throw: Tomahawk          |       |       |     5 ||     5
  Use: Potion            |     2 |       |     1 ||     3
  Eat: Chunk             |       |     4 |    10 ||    14
Armor: Scale mail        |    52 |    15 |       ||    67
       Chain mail        |       |    58 |   103 ||   161
Dodge: Dodged            |    19 |    33 |    78 ||   130
Block: Shield            |    52 |    84 |   169 ||   305
       Rpst.: Long sword |     6 |    10 |    20 ||    36
